 Dungeon Crawl Stone Soup version 0.17.0-56-gd8de76c (webtiles) character file.

12123 ventricule the Bludgeoner (level 12, -1/84 HPs)
             Began as a Formicid Wanderer on Dec 5, 2015.
             Was an Elder of Dithmenos.
             Slain by a white ugly thing (21 damage)
             ... on level 11 of the Dungeon.
             The game lasted 00:44:41 (17825 turns).

ventricule the Bludgeoner (Formicid Wanderer)      Turns: 17825, Time: 00:44:41

Health: -1/84      AC: 19    Str: 21    XL:     12   Next: 16%
Magic:  12/12      EV:  7    Int: 13    God:    Dithmenos [****..]
Gold:   514        SH:  4    Dex: 10    Spells: 0 memorised, 11 levels left

rFire  + . .     SeeInvis +     a - +3 flail (crush)
rCold  . . .     Clarity  .     K - +2 plate armour {rPois}
rNeg   . . .     SustAt   .     z - +0 buckler
rPois  +         Gourm    .     (helmet unavailable)
rElec  .         Spirit   .     g - +1 cloak
rCorr  .         Warding  .     (no gloves)
rMut   .         Stasis   +     n - +1 pair of boots
MR     ++...                    (no amulet)
Stlth  ..........               j - ring of protection from fire
                                R - ring of protection from magic

@: wreathed by umbra, very resistant to hostile enchantments, extremely
unstealthy
A: permanent stasis, dig shafts and tunnels, four strong arms, antennae 3,
camouflage 1
a: Dig, Shaft Self, Shadow Step, Renounce Religion


You were on level 11 of the Dungeon.
You worshipped Dithmenos.
Dithmenos was greatly pleased with you.
You were very hungry.

You visited 1 branch of the dungeon, and saw 11 of its levels.
You also visited: Bailey.

You collected 758 gold pieces.
You spent 244 gold pieces at shops.


Innate Abilities, Weirdness & Mutations

You are under a permanent stasis effect.
You can dig through walls and to a lower floor.
Your four strong arms can wield two-handed weapons with a shield.
You have a pair of large antennae on your head (SInv).
Your skin changes colour to match your surroundings (Stealth).


   Skills:
 + Level 4.7 Fighting
 - Level 15.6 Maces & Flails
 - Level 2.7 Crossbows
 - Level 1.0 Throwing
 + Level 7.1 Armour
 + Level 2.6 Dodging
 - Level 4.0 Shields
 - Level 1.1 Evocations


You had 11 spell levels left.
You didn't know any spells.

Inventory:

Hand Weapons
 a - a +3 flail of crushing (weapon)
 b - a +3 blowgun
 d - a +0 hand crossbow
 l - a +0 mace
 o - a +0 halberd of freezing
 x - a +0 flail
Missiles
 e - 72 bolts
 h - 35 poisoned needles
 v - 14 bolts of frost
 B - a curare-tipped needle {=f}
 E - 14 bolts of flame
 O - a needle of confusion
Armour
 c - a +0 ring mail
 g - a +1 cloak (worn)
 n - a +1 pair of boots (worn)
 t - a +0 chain mail
 z - a +0 buckler (worn)
 A - a +0 plate armour
 H - the +3 leather armour of the Other World {rPois MR+ Int+5 Dex-5}

   It affects your intelligence (+5).
   It affects your dexterity (-5).
   It protects you from poison.
   It affects your resistance to hostile enchantments.
 K - a +2 plate armour of poison resistance (worn)
Jewellery
 j - a ring of protection from fire (right hand)
 u - an uncursed ring of poison resistance
 L - an uncursed ring of positive energy
 R - a ring of protection from magic (left hand)
 X - an uncursed ring of loudness
Wands
 M - a wand of digging (23)
 T - a wand of magic darts (31)
Scrolls
 q - 4 scrolls of enchant weapon
 y - 2 scrolls of teleportation {@r4}
 G - 3 scrolls of fog
 I - 3 scrolls of remove curse
 P - 2 scrolls of fear
Potions
 i - 3 potions of curing {@q1}
 k - 2 potions of cancellation
 m - 2 potions of degeneration {!q}
 p - a potion of mutation {!q}
 r - 4 potions of brilliance
 s - a potion of resistance
 w - a potion of lignification {!q}
 C - 3 potions of agility
 D - a potion of invisibility
 J - a potion of cure mutation {unknown}
 Q - 3 potions of flight
 U - a potion of magic
 V - a potion of might
Books
 N - a book of Flames

   Spells                             Type                      Level
   a - Flame Tongue                   Conjuration/Fire             1
   b - Throw Flame                    Conjuration/Fire             2
   c - Conjure Flame                  Conjuration/Fire             3
   d - Inner Flame                    Hexes/Fire                   3
   e - Sticky Flame                   Conjuration/Fire             4
   f - Fireball                       Conjuration/Fire             5
   Dithmenos disapproves of the use of such an item.
 S - a Fen Folio

   Spells                             Type                      Level
   a - Corpse Rot                     Necromancy                   2
   b - Stone Arrow                    Conjuration/Earth            3
   c - Leda's Liquefaction            Hexes/Earth                  4
   d - Summon Forest                  Summoning/Translocation      5
   e - Hydra Form                     Transmutation                6
   f - Summon Hydra                   Summoning                    7
Comestibles
 f - 6 bread rations
 F - 13 royal jellies
 W - a meat ration

Dungeon Overview and Level Annotations

Branches:
Dungeon (11/15)            Temple (0/1) D:6            Lair (0/8) D:8
    Orc: D:9-12

Altars:
Cheibriados
Dithmenos
Makhleb
Nemelex Xobeh
Sif Muna
Vehumet
Zin

Shops:
D:9 * D:10

!
.▒......▒.▒▒▒▒▒....▒▒▒▒
.▒▒▒▒▒..▒.▒▒▒▒▒..▒▒▒ .▒
▒..▒........▒ .▒
▒..▒▒▒▒▒....▒
.▒▒▒▒▒...▒ ▒▒▒▒.▒
........<▒ ▒.▒
.........▒ ▒.▒
.........▒ ▒.▒ .
▒▒▒▒▒▒▒.▒▒ ▒a▒ .. ▒ .▒
▒u▒ ... ▒ .▒ ▒.▒▒▒....
▒ .▒ ▒........ ▒ {
▒▒▒▒▒▒▒........ ▒
.......[....... ▒▒▒▒▒
▒▒▒▒....▒▒▒▒▒▒▒ ......
▒..... ▒▒▒▒▒. ▒......


You could see a white ugly thing.


Message History

Your shadow barely misses the white ugly thing.
You hit the white ugly thing.
The white ugly thing is moderately wounded.
Your shadow hits the white ugly thing with a flail.
You block the white ugly thing's attack.
You hit the white ugly thing.
The white ugly thing is moderately wounded.
The white ugly thing punches you. The white ugly thing freezes you!!
You sock the white ugly thing!
The white ugly thing is heavily wounded.
You closely miss the white ugly thing.
The white ugly thing is heavily wounded.
The white ugly thing punches you but does no damage.
You hit the white ugly thing.
The white ugly thing is severely wounded.
Your shadow barely misses the white ugly thing.
The white ugly thing punches you but does no damage.
You barely miss the white ugly thing.
The white ugly thing is heavily wounded.
You hit the white ugly thing.
The white ugly thing is severely wounded.
Your shadow hits the white ugly thing but does no damage.
The white ugly thing punches you. The white ugly thing freezes you!!
* * * LOW HITPOINT WARNING * * *
You hit the white ugly thing.
The white ugly thing is severely wounded.
The white ugly thing punches you.
* * * LOW HITPOINT WARNING * * *
The white ugly thing freezes you!!
You die...

Action                   |  1- 3 |  4- 6 |  7- 9 | 10-12 || total
-------------------------+-------+-------+-------+-------++-------
Melee: Unarmed           |    78 |       |       |     7 ||    85
       Mace              |    67 |   102 |       |       ||   169
       Flail             |       |   166 |   482 |   978 ||  1626
 Fire: Blowgun           |     7 |     1 |    15 |    46 ||    69
       Hand crossbow     |     2 |       |     1 |    20 ||    23
 Abil: Dig               |       |     1 |     8 |     5 ||    14
       Shaft Self        |       |       |     1 |       ||     1
Evoke: Deck              |       |       |       |    13 ||    13
  Use: Scroll            |       |    12 |     3 |    11 ||    26
       Potion            |       |       |     2 |     3 ||     5
 Stab: Confused          |       |       |       |     1 ||     1
  Eat: Chunk             |     1 |    10 |    14 |    28 ||    53
       Pizza             |     1 |       |       |       ||     1
       Royal jelly       |       |       |     1 |       ||     1
       Meat ration       |       |       |       |     1 ||     1

Vault maps used:
D:1:      shiori_shiawase, minmay_liquid_box, minmay_misc_feat_secret_circle
D:2:      nicolae_overflow_crystal_walls
D:3:      cheibriados_altar_wand_db
D:4:      lemuel_crystal_altar, vehumet_altar_wand_db, first_bread
D:6:      minmay_temple_entry_enclosed_plants, grunt_tough_drop
D:7:      lemuel_crystal_altar, basic_altar
D:8:      minmay_lair_entry_grove, hangedman_little_slice_of_home
D:9:      minmay_distorted_concentric_squares, kennysheep_little_box,
          serial_shops, shop, hangedman_abyss_or_decor_slice
D:10:     serial_shops, shop, enter_bailey_2, lemuel_flame_loot_1
D:11:     hangedman_cross_veins, serial_co_window_serial, co_window_paths_a,
          co_window_corner_a, co_window_paths_b, co_window_paths_a,
          co_window_cross_1, co_window_2corner, co_window_cross_3,
          co_window_corner_cb, co_window_of_opportunity_b, co_window_sun,
          glass_columns_a, glass_columns_a, glass_columns_c, st_stairs_10
Bailey:   bailey_polearm_flooded_kennysheep, bailey

Notes
Turn   | Place    | Note
--------------------------------------------------------------
     0 | D:1      | ventricule the Formicid Wanderer began the quest for the Orb.
     0 | D:1      | ventricule set off with: 3 curare-tipped needles {=f}, a +2 blowgun, a +0 ring mail, a +0 hand crossbow, 27 bolts, a bread ration
     0 | D:1      | Reached XP level 1. HP: 18/18 MP: 1/1
   183 | D:1      | Reached XP level 2. HP: 17/24 MP: 2/2
   890 | D:2      | Reached skill level 1 in Maces & Flails
   935 | D:2      | Reached XP level 3. HP: 21/29 MP: 3/3
  1247 | D:2      | Reached skill level 2 in Maces & Flails
  1762 | D:1      | Reached XP level 4. HP: 35/35 MP: 4/4
  1945 | D:1      | Reached skill level 3 in Maces & Flails
  2015 | D:2      | Found a deep blue altar of Sif Muna.
  2962 | D:3      | Reached XP level 5. HP: 41/41 MP: 5/5
  3110 | D:3      | Found a snail-covered altar of Cheibriados.
  3270 | D:3      | Reached skill level 4 in Maces & Flails
  4177 | D:4      | Reached skill level 5 in Maces & Flails
  4177 | D:4      | Reached XP level 6. HP: 47/47 MP: 6/6
  4183 | D:4      | Found a shadowy altar of Dithmenos.
  4209 | D:4      | Became a worshipper of Dithmenos the Shadowed
  4295 | D:4      | Got a bronze leather armour
  4340 | D:4      | Identified a potion of resistance
  4430 | D:4      | Reached skill level 6 in Maces & Flails
  4562 | D:4      | Found a radiant altar of Vehumet.
  4755 | D:5      | Entered Level 5 of the Dungeon
  4780 | D:5      | Reached XP level 7. HP: 36/52 MP: 7/7
  5028 | D:5      | Noticed a sky beast
  5044 | D:5      | Killed a sky beast
  5044 | D:5      | Reached skill level 7 in Maces & Flails
  5044 | D:5      | Reached skill level 1 in Shields
  5099 | D:5      | Reached * piety under Dithmenos
  5258 | D:5      | Reached skill level 2 in Shields
  5573 | D:5      | Reached XP level 8. HP: 58/58 MP: 8/8
  5650 | D:5      | Identified the +3 leather armour of the Other World {rPois MR+ Int+5 Dex-5} (You found it on level 4 of the Dungeon)
  5732 | D:5      | Reached skill level 3 in Shields
  5943 | D:5      | Reached skill level 4 in Shields
  5973 | D:5      | Reached skill level 8 in Maces & Flails
  6786 | D:6      | Reached skill level 4 in Armour
  7011 | D:6      | Reached skill level 5 in Armour
  7011 | D:6      | Reached XP level 9. HP: 34/64 MP: 9/9
  7150 | D:6      | Reached skill level 9 in Maces & Flails
  7403 | D:6      | Found a staircase to the Ecumenical Temple.
  7482 | D:6      | You fall through a shaft!
  7813 | D:6      | Reached skill level 6 in Armour
  7937 | D:6      | Reached ** piety under Dithmenos
  8386 | D:6      | Reached skill level 10 in Maces & Flails
  8572 | D:7      | Found a burning altar of Makhleb.
  8813 | D:7      | Reached skill level 11 in Maces & Flails
  8999 | D:7      | Reached XP level 10. HP: 70/70 MP: 10/10
  9317 | D:7      | Found a glowing silver altar of Zin.
  9704 | D:8      | Reached *** piety under Dithmenos
  9930 | D:8      | Reached skill level 12 in Maces & Flails
 10864 | D:8      | Reached skill level 13 in Maces & Flails
 10958 | D:8      | Found a staircase to the Lair.
 11571 | D:8      | Reached XP level 11. HP: 26/75 MP: 11/11
 12184 | D:9      | Reached skill level 14 in Maces & Flails
 12353 | D:9      | Found a sparkling altar of Nemelex Xobeh.
 12600 | D:9      | Noticed a cyclops
 12657 | D:9      | Killed a cyclops
 12968 | D:9      | Found Zoplav's General Store.
 12988 | D:9      | Bought a scroll of identify for 26 gold pieces
 12988 | D:9      | Bought a scroll of identify for 26 gold pieces
 13152 | D:9      | Reached **** piety under Dithmenos
 13492 | D:10     | Entered Level 10 of the Dungeon
 13492 | D:10     | Noticed an unseen horror
 13516 | D:10     | Killed an unseen horror
 13547 | D:10     | Reached skill level 15 in Maces & Flails
 13612 | D:10     | Found Amiduute's Distillery.
 13617 | D:10     | Noticed a hill giant
 13654 | D:10     | Killed a hill giant
 13683 | D:10     | Bought a potion of magic for 128 gold pieces
 13683 | D:10     | Bought a potion of might for 64 gold pieces
 13814 | D:10     | HP: 6/75 [wyvern skeleton (8)]
 13866 | D:10     | Found a flagged portal.
 14044 | Bailey   | Entered a bailey
 15596 | Bailey   | Reached skill level 1 in Dodging
 16193 | Bailey   | Noticed Wardok
 16229 | Bailey   | Killed Wardok the orc knight
 16232 | Bailey   | Noticed Norbak
 16245 | Bailey   | Gained mutation: You have large cloven feet. [helix card]
 16269 | Bailey   | Lost mutation: You have large cloven feet. [helix card]
 16269 | Bailey   | Gained mutation: Your skin changes colour to match your surroundings (Stealth). [helix card]
 16343 | Bailey   | Killed Norbak the orc knight
 16720 | Bailey   | Reached skill level 4 in Fighting
 16720 | Bailey   | Reached XP level 12. HP: 45/83 MP: 12/12
 17093 | D:10     | Reached skill level 2 in Dodging
 17560 | D:10     | Reached skill level 7 in Armour
 17825 | D:11     | Slain by a white ugly thing

Vanquished Creatures
  An unseen horror (D:10)
  A hill giant (D:10)
  2 orc knights (Bailey)
  A cyclops (D:9)
  3 trolls
  A hungry ghost (D:10)
  7 yaks
  A wyvern (D:8)
  2 hippogriffs
  7 porcupines
  14 orc warriors
  2 water moccasins
  6 ice beasts
  4 phantoms
  3 black bears
  4 sky beasts
  14 centaurs
  7 ogres
  A crocodile (D:8)
  6 giant frogs
  2 big kobolds
  5 scorpions
  2 wyvern skeletons
  9 wights
  5 hounds
  2 giant frog zombies
  6 crimson imps
  6 orc priests
  3 giant frog skeletons
  9 jellies
  6 orc wizards
  4 iguanas
  10 worker ants
  3 hound skeletons
  A hound zombie (D:5)
  A gnoll (D:1)
  13 adders
  3 shadow imps
  5 oozes (D:8)
  2 adder zombies (D:6)
  2 worms
  An adder skeleton (D:4)
  10 giant geckos
  52 orcs
  2 ball pythons
  6 bats
  7 goblins
  7 hobgoblins
  7 quokkas
  10 giant cockroaches
  6 giant newts
  11 jackals
  21 kobolds
  9 rats
335 creatures vanquished.

Vanquished Creatures (others)
  A worker ant zombie (D:10)
  A bush (D:8)
  2 fungi (D:8)
  9 plants (D:8)
13 creatures vanquished.

Grand Total: 348 creatures vanquished
